 Dungeon Crawl Stone Soup version 0.20.0-1-g1cb1d84 (webtiles) character file.

1603 sighowe the Cleaver (level 8, -1/63 HPs)
             Began as a Red Draconian Berserker on May 27, 2017.
             Was an Elder of Trog.
             Killed from afar by an orc warrior (3 damage)
             ... with a wand of flame (?/48)
             ... on level 6 of the Dungeon.
             The game lasted 00:26:13 (7429 turns).

sighowe the Cleaver (Red Draconian Berserker)       Turns: 7429, Time: 00:26:14

Health: -1/63      AC: 11    Str: 25    XL:     8   Next: 63%
Magic:  8/8        EV: 13    Int:  8    God:    Trog [****..]
Gold:   125        SH:  0    Dex: 12    Spells: 7/7 levels left

rFire    + . .     SeeInvis +   t - +2 hand axe
rCold    . . .     Gourm    .   (no shield)
rNeg     . . .     Faith    .   (armour unavailable)
rPois    .         Spirit   .   (helmet restricted)
rElec    .         Reflect  .   s - +0 cloak
rCorr    +         Harm     .   (no gloves)
MR       ++...                  r - +3 pair of boots of Pathos {Str+5}
Stlth    +.........             (no amulet)
Regen    1.2/turn               l - ring of resist corrosion
MPRegen  0.2/turn               m - ring of see invisible

@: lethally poisoned (-1 -> -6), short of breath, regenerating
A: breathe fire, unfitting armour, fire resistance 1, cold-blooded, AC +6
a: Breathe Fire, Berserk, Trog's Hand, Brothers in Arms, Burn Spellbooks,
Renounce Religion


You were on level 6 of the Dungeon.
You worshipped Trog.
Trog was greatly pleased with you.
You were not hungry.

You visited 1 branch of the dungeon, and saw 6 of its levels.
You also visited: Sewer.

You collected 197 gold pieces.
You spent 72 gold pieces at shops.

Inventory:

Hand Weapons
 h - a +1 mace of protection
 k - a +0 club
 t - a +2 hand axe (weapon)
 Y - a +0 hand axe
Missiles
 e - 3 needles of confusion (quivered)
Armour
 r - the +3 pair of boots of Pathos (worn) {Str+5}
   (You found it on level 5 of the Dungeon)

   It affects your strength (+5).
 s - a +0 cloak (worn)
Magical Staves
 f - an uncursed staff of wizardry {unknown}
Jewellery
 l - a ring of resist corrosion (left hand)
 m - a ring of see invisible (right hand)
Scrolls
 d - a scroll of enchant armour {unknown}
 j - a scroll of fear
 n - 5 scrolls of identify
 o - a scroll of magic mapping
 q - a scroll of immolation
Potions
 a - a potion of flight
 c - 5 potions of curing
 i - 4 potions of heal wounds
 p - a potion of mutation {unknown}
Comestibles
 b - 3 bread rations
 g - 3 royal jellies
 u - a meat ration


   Skills:
 - Level 3.2 Fighting
 + Level 11.2 Axes
 - Level 2.6 Dodging


You had 7 spell levels left.
You didn't know any spells.

Dungeon Overview and Level Annotations

Branches:
Dungeon (6/15)
 Temple: D:4-7

Altars:
Cheibriados
Nemelex Xobeh
Okawaru
Xom

Shops:
D:4 %


Innate Abilities, Weirdness & Mutations

You can breathe blasts of fire.
Your fiery red scales are hard. (AC +6)
You cannot fit into any form of body armour.
Your flesh is heat resistant. (rF+)
You are cold-blooded and may be slowed by cold attacks.


Message History

You feel sick.
You hit the orc warrior but do no damage.
Your tail-slap misses the orc warrior.
You feel sick. The orc warrior completely misses you.
Your skin crawls.
You feel resistant to hostile enchantments.
You feel somewhat more hungry.
You feel sick.
The orc warrior hits you with a trident of venom!
* * * LOW HITPOINT WARNING * * *
You are lethally poisoned!
You barely miss the orc warrior.
* * * LOW HITPOINT WARNING * * *
You feel sick.
The orc warrior zaps a wand.
The puff of flame hits you! You resist.
* * * LOW HITPOINT WARNING * * *
You hit the orc warrior but do no damage.
* * * LOW HITPOINT WARNING * * *
You feel sick.
The orc warrior zaps a wand.
The puff of flame hits you! You resist.
You die...

....#..............§
....#...............
....#...............###
....#..§............#.##
....#######8.8#######..#
.......................#
............)..........#
..............)...)....#
.............##o@†.....##
###############.........#
#.......###
#######.......+
......#.....).##
...............#
........†......#
...............#
.####..........# ###


You could see an orc warrior.

Vanquished Creatures
  Sigmund (D:6)
  A phantom (D:4)
  2 ogres
  A centaur (D:5)
  A water moccasin skeleton (D:5)
  4 scorpions
  4 hounds
  2 orc priests
  4 orc wizards
  Jessica (D:3)
  Ijyb (D:3)
  2 iguanas (D:4)
  4 worker ants
  Robin (D:4)
  8 adders
  9 gnolls
  5 river rats (Sewer)
  A shadow imp (D:5)
  An ooze (D:3)
  2 dart slugs (D:2)
  A worm (D:2)
  9 leopard geckos
  18 orcs
  2 bats
  4 giant cockroaches
  14 goblins
  6 hobgoblins
  4 jackals
  2 quokkas
  5 ball pythons (Sewer)
  2 frilled lizards (D:5)
  A jackal skeleton (D:5)
  21 kobolds
  25 rats
169 creatures vanquished.

Notes
Turn   | Place    | Note
-------+----------+-------------------------------------------
     0 | D:1      | sighowe the Draconian Berserker began the quest for the Orb.
     0 | D:1      | Reached XP level 1. HP: 19/19 MP: 1/1
     0 | D:1      | 0 ||| counter = 3
   482 | D:2      | Reached XP level 2. HP: 26/26 MP: 2/2
   664 | D:2      | Found an iron altar of Okawaru.
   868 | D:2      | 868 ||| INVOKING Berserk.
   871 | D:2      | Reached skill level 4 in Axes
  1072 | D:2      | Reached XP level 3. HP: 31/31 MP: 3/3
  1076 | D:2      | 1076 ||| READING scroll labeled OFAGHO RUAXAXZIS.
  1164 | D:3      | HP: 1/46 [orc priest/nerve-wracking pain (7)]
  1165 | D:3      | Reached XP level 4. HP: 1/38 MP: 4/4
  1165 | D:3      | Reached skill level 5 in Axes
  1588 | D:3      | Reached ** piety under Trog
  1595 | D:3      | Reached XP level 5. HP: 45/45 MP: 5/5
  1602 | D:3      | Found a glowing drain.
  1607 | Sewer    | Entered a sewer
  1871 | Sewer    | Reached skill level 6 in Axes
  2320 | Sewer    | Reached *** piety under Trog
  2872 | D:3      | Noticed an ogre
  2884 | D:3      | Killed an ogre
  2884 | D:3      | Reached skill level 7 in Axes
  2884 | D:3      | Reached XP level 6. HP: 20/51 MP: 6/6
  3268 | D:3      | Noticed Ijyb
  3352 | D:3      | Killed Ijyb
  3666 | D:3      | Reached skill level 8 in Axes
  3950 | D:3      | Noticed Jessica
  3966 | D:3      | Killed Jessica
  3966 | D:3      | Your scales start taking on a fiery red colour.
  3966 | D:3      | Reached XP level 7. HP: 46/57 MP: 7/7
  3966 | D:3      | Gained mutation: Your flesh is heat resistant. (rF+) [Red Draconian growth]
  4266 | D:4      | Noticed Robin
  4280 | D:4      | Killed Robin
  4294 | D:4      | Received a gift from Trog
  4707 | D:4      | Reached skill level 9 in Axes
  4899 | D:4      | Found Qocvaogoj's Food Boutique.
  4909 | D:4      | Bought a royal jelly for 24 gold pieces
  4909 | D:4      | Bought a royal jelly for 24 gold pieces
  4909 | D:4      | Bought a royal jelly for 24 gold pieces
  5170 | D:4      | Found a snail-covered altar of Cheibriados.
  5524 | D:5      | Entered Level 5 of the Dungeon
  6202 | D:5      | Reached XP level 8. HP: 30/63 MP: 8/8
  6411 | D:5      | Reached skill level 10 in Axes
  6503 | D:5      | Found a sparkling altar of Nemelex Xobeh.
  6703 | D:5      | Got a pair of scorched boots
  6709 | D:5      | Identified the +3 pair of boots of Pathos {Str+5} (You found it on level 5 of the Dungeon)
  6804 | D:5      | Reached **** piety under Trog
  6808 | D:5      | Found a shimmering altar of Xom.
  7380 | D:6      | Noticed Sigmund
  7414 | D:6      | Killed Sigmund
  7414 | D:6      | Reached skill level 11 in Axes
  7428 | D:6      | HP: 2/63 [orc warrior/wand of flame (?/48) (2)]
  7429 | D:6      | Killed from afar by an orc warrior

Skill      XL: |  1  2  3  4  5  6  7  8 |
---------------+-------------------------+-----
Axes           | 4 5 7 8 9 11 | 11.2
Fighting       | |  3.2
Dodging        | |  2.6

Action                   |  1- 3 |  4- 6 |  7- 9 || total
-------------------------+-------+-------+-------++-------
Melee: Hand axe          |    70 |   228 |   233 ||   531
       Tailslap          |     4 |    30 |    27 ||    61
Invok: Berserk           |     2 |     3 |     1 ||     6
       Trog's Hand       |       |       |     2 ||     2
 Abil: Breathe Fire      |       |       |     7 ||     7
  Use: Scroll            |     1 |     4 |     6 ||    11
       Potion            |       |     6 |     2 ||     8
  Eat: Chunk             |     2 |     5 |       ||     7
       Fruit             |       |     2 |     3 ||     5
       Bread ration      |       |     2 |     2 ||     4
       Royal jelly       |       |       |     1 ||     1
Armor: Skin              |    23 |    84 |    38 ||   145
Dodge: Dodged            |    50 |   171 |   136 ||   357
